MLB
ATLANTA BRAVES @ HOUSTON ASTROS
04/17/2024
 
TOP OF THE 1ST
Atlanta Braves batting - Pitching for Houston Astros : RHP Kyle Cody
Pitching: RHP Kyle Cody
Batting: RHB Jaime Vega 0-0: Ball
1-0: Called Strike
1-1: Foul Ball, location: 2F
1-2: Strikes out swinging
Batting: RHB Steven Stricker 0-0: Ball
1-0: Ball
2-0: Ball
3-0: Called Strike
3-1: Foul Ball, location: 9LDF
3-2: Foul Ball, location: 9LMF
3-2: Fly out, F7 (Flyball, 7LM, EV 88.1 MPH)
Batting: RHB Jake Fromm 0-0: Ball
1-0: Called Strike
1-1: Fly out, F7 (Line Drive, 7S, EV 103.1 MPH)
Top of the 1st over - 0 runs, 0 hits, 0 errors, 0 left on base; Atlanta 0 - Houston 0
BOTTOM OF THE 1ST
Houston Astros batting - Pitching for Atlanta Braves : RHP Walker Buehler
Pitching: RHP Walker Buehler
Batting: LHB Darge Kawawe 0-0: Foul Ball, location: 2F
0-1: Ball
1-1: Ball
2-1: Swinging Strike
2-2: Ball
3-2: SINGLE (Groundball, 56S, EV 65.0 MPH) (infield hit)
Batting: RHB Justin Ellis 0-0: Ball
1-0: SINGLE (Groundball, 6MD, EV 103.8 MPH)
Darge Kawawe to second
Runner from 2nd tries for 3rd, SAFE, no throw by CF
Batting: RHB Julián Silva 0-0: Ball
1-0: Ball
2-0: Ball
3-0: Base on Balls
Justin Ellis to second
Pinch Hitting: SHB José González 0-0: Foul Ball, location: 7LSF
0-1: Foul Ball, location: 5F
0-2: Ball
1-2: Grounds into double play, 4-6-3 (Groundball, 4, EV 103.1 MPH)
Darge Kawawe scores
Justin Ellis to third
Batting: RHB Fernando Tatis Jr. 0-0: Ball
1-0: Ball
2-0: Ball
3-0: Called Strike
3-1: Foul Ball, location: 2F
3-2: 2-RUN HOME RUN (Flyball, 9LD, EV 93.1 MPH), Distance : 332 ft
Batting: SHB Aaron White 0-0: Ball
1-0: Ball
2-0: Called Strike
2-1: Foul Ball, location: 3FF
2-2: Ball
3-2: Base on Balls
Batting: RHB Alex Bregman 0-0: Fielders Choice at 2nd, 6-4 (Groundball, 6, EV 81.9 MPH)
Bottom of the 1st over - 3 runs, 3 hits, 0 errors, 1 left on base; Atlanta 0 - Houston 3
TOP OF THE 2ND
Atlanta Braves batting - Pitching for Houston Astros : RHP Kyle Cody
Now in LF: José González
Batting: SHB Millard Thomas 0-0: Ball
1-0: Ball
2-0: Called Strike
2-1: SINGLE (Flyball, 8LS, EV 91.9 MPH)
Batting: LHB Masutaro Ohayashi 0-0: Ball
1-0: Foul Ball, location: 7LSF
1-1: Called Strike
1-2: Ball
2-2: Foul Ball, location: 23F
2-2: Foul Ball, location: 25F
2-2: Strikes out swinging
Batting: SHB Dylan Carlson 0-0: Ball
1-0: Ball
2-0: SINGLE (Line Drive, 8RS, EV 100.6 MPH)
Millard Thomas to second
Batting: LHB Doug Smith 0-0: Foul Ball, location: 9LMF
0-1: Ball
1-1: Foul Ball, location: 5SF
1-2: Foul Ball, location: 2F
1-2: Strikes out looking
Batting: RHB Nick Madrigal 0-0: Called Strike
0-1: Swinging Strike
0-2: Foul Ball, location: 9LDF
0-2: Ball
1-2: Fly out, F6 (Line Drive, 6, EV 66.9 MPH)
Top of the 2nd over - 0 runs, 2 hits, 0 errors, 2 left on base; Atlanta 0 - Houston 3
BOTTOM OF THE 2ND
Houston Astros batting - Pitching for Atlanta Braves : RHP Walker Buehler
Batting: RHB Bill Weaver 0-0: Called Strike
0-1: Called Strike
0-2: Ball
1-2: Ball
2-2: Strikes out swinging
Batting: RHB Joey Bart 0-0: Called Strike
0-1: Ball
1-1: SINGLE (Groundball, 34D, EV 98.1 MPH)
Batting: LHB Darge Kawawe 0-0: Called Strike
0-1: Foul Ball, location: 2F
0-2: Fly out, F8 (Flyball, 8LD, EV 86.9 MPH)
Batting: RHB Justin Ellis 0-0: Ball
1-0: Swinging Strike
1-1: Ball
2-1: Fly out, F7 (Flyball, 7, EV 93.1 MPH)
Bottom of the 2nd over - 0 runs, 1 hit, 0 errors, 1 left on base; Atlanta 0 - Houston 3
TOP OF THE 3RD
Atlanta Braves batting - Pitching for Houston Astros : RHP Kyle Cody
Batting: SHB Arturo Velázquez 0-0: Ball
1-0: Ball
2-0: Ground out U3 (Groundball, 3, EV 86.3 MPH)
Batting: RHB Jaime Vega 0-0: Called Strike
0-1: Ball
1-1: Swinging Strike
1-2: Ball
2-2: Strikes out swinging
Batting: RHB Steven Stricker 0-0: Called Strike
0-1: Fly out, F8 (Flyball, 8LXD, EV 97.5 MPH)
Top of the 3rd over - 0 runs, 0 hits, 0 errors, 0 left on base; Atlanta 0 - Houston 3
BOTTOM OF THE 3RD
Houston Astros batting - Pitching for Atlanta Braves : RHP Walker Buehler
Batting: RHB Julián Silva 0-0: Ball
1-0: Ground out 4-3 (Groundball, 4, EV 82.5 MPH)
Batting: SHB José González 0-0: Ball
1-0: Foul Ball, location: 7LDF
1-1: Foul Ball, location: 2F
1-2: Ball
2-2: Fly out, F7 (Flyball, 7D, EV 111.9 MPH)
Batting: RHB Fernando Tatis Jr. 0-0: Ground out 6-3 (Groundball, 6M, EV 90.0 MPH)
Bottom of the 3rd over - 0 runs, 0 hits, 0 errors, 0 left on base; Atlanta 0 - Houston 3
TOP OF THE 4TH
Atlanta Braves batting - Pitching for Houston Astros : RHP Kyle Cody
Batting: RHB Jake Fromm 0-0: Foul Ball, location: 3FF
0-1: Foul Ball, location: 9LDF
0-2: Ball
1-2: Ball
2-2: Fly out, F3 (Popup, 34, EV 60.6 MPH)
Batting: SHB Millard Thomas 0-0: Foul Ball, location: 2F
0-1: Called Strike
0-2: Strikes out swinging
Batting: LHB Masutaro Ohayashi 0-0: Ball
1-0: Ball
2-0: Ground out U3 (Groundball, 3, EV 99.4 MPH)
Top of the 4th over - 0 runs, 0 hits, 0 errors, 0 left on base; Atlanta 0 - Houston 3
BOTTOM OF THE 4TH
Houston Astros batting - Pitching for Atlanta Braves : RHP Walker Buehler
Batting: SHB Aaron White 0-0: Ground out U3 (Groundball, 3S, EV 72.5 MPH)
Batting: RHB Alex Bregman 0-0: Called Strike
0-1: Called Strike
0-2: Strikes out swinging
Batting: RHB Bill Weaver 0-0: Ball
1-0: Called Strike
1-1: Ground out 4-3 (Groundball, 4, EV 83.8 MPH)
Bottom of the 4th over - 0 runs, 0 hits, 0 errors, 0 left on base; Atlanta 0 - Houston 3
TOP OF THE 5TH
Atlanta Braves batting - Pitching for Houston Astros : RHP Kyle Cody
Batting: SHB Dylan Carlson 0-0: Foul Ball, location: 3F
0-1: Foul Ball, location: 23F
0-2: Strikes out swinging
Batting: LHB Doug Smith 0-0: Ball
1-0: Called Strike
1-1: Ball
2-1: Called Strike
2-2: Foul Ball, location: 2F
2-2: Strikes out looking
Batting: RHB Nick Madrigal 0-0: Called Strike
0-1: Called Strike
0-2: Foul Ball, location: 3SF
0-2: Foul Ball, location: 5F
0-2: Strikes out swinging
Top of the 5th over - 0 runs, 0 hits, 0 errors, 0 left on base; Atlanta 0 - Houston 3
BOTTOM OF THE 5TH
Houston Astros batting - Pitching for Atlanta Braves : RHP Walker Buehler
Batting: RHB Joey Bart 0-0: SINGLE (Line Drive, 89S, EV 106.3 MPH)
Batting: LHB Darge Kawawe 0-0: Foul Ball, location: 2F
0-1: Ball
1-1: Ball
2-1: Called Strike
2-2: Fielders Choice at 2nd, 3-6 (Groundball, 3, EV 85.0 MPH)
Batting: RHB Justin Ellis 0-0: Ball
1-0: Called Strike
Darge Kawawe steals 2nd base
1-1: Foul Ball, location: 3FF
1-2: Ground out 3-1 (Groundball, 34S, EV 85.6 MPH)
Darge Kawawe to third
Batting: RHB Julián Silva 0-0: Swinging Strike
0-1: Ball
1-1: Swinging Strike
1-2: Ball
2-2: Strikes out swinging
Bottom of the 5th over - 0 runs, 1 hit, 0 errors, 1 left on base; Atlanta 0 - Houston 3
TOP OF THE 6TH
Atlanta Braves batting - Pitching for Houston Astros : RHP Kyle Cody
Batting: SHB Arturo Velázquez 0-0: SINGLE (Groundball, 6MD, EV 110.6 MPH)
Batting: RHB Jaime Vega 0-0: Ball
1-0: Called Strike
1-1: Called Strike
Arturo Velázquez steals 2nd base
1-2: Ball
2-2: Ground out 4-3 (Groundball, 4, EV 85.6 MPH)
Arturo Velázquez to third
Batting: RHB Steven Stricker 0-0: Ground out 4-3 (Groundball, 4M, EV 83.1 MPH)
Arturo Velázquez scores
Batting: RHB Jake Fromm 0-0: Ball
1-0: Ball
2-0: Called Strike
2-1: SINGLE (Groundball, 6D, EV 104.4 MPH)
Batting: SHB Millard Thomas 0-0: Ball
1-0: Foul Ball, location: 9LDF
1-1: Ground out 4-3 (Groundball, 34, EV 103.1 MPH)
Top of the 6th over - 1 run, 2 hits, 0 errors, 1 left on base; Atlanta 1 - Houston 3
BOTTOM OF THE 6TH
Houston Astros batting - Pitching for Atlanta Braves : RHP Walker Buehler
Batting: SHB José González 0-0: Ball
1-0: Ball
2-0: Ball
3-0: Base on Balls
Pitching: RHP Lucas Sims
Batting: RHB Fernando Tatis Jr. 0-0: Ball
José González steals 2nd base (no throw)
1-0: Called Strike
1-1: Ball
2-1: Called Strike
2-2: DOUBLE (Flyball, 89XD, EV 106.3 MPH)
José González scores
Batting: SHB Aaron White 0-0: Ball
1-0: Swinging Strike
1-1: Ball
2-1: Foul Ball, location: 2F
2-2: Foul Ball, location: 2F
2-2: 2-RUN HOME RUN (Flyball, 78XD, EV 101.3 MPH), Distance : 417 ft
Batting: RHB Alex Bregman 0-0: Called Strike
0-1: Ball
1-1: Ball
2-1: Foul Ball, location: 23F
2-2: Ball
3-2: SINGLE (Groundball, 4MD, EV 100.0 MPH)
Batting: RHB Bill Weaver 0-0: Fly out, F6 (Flyball, 6D, EV 94.4 MPH)
Batting: RHB Joey Bart 0-0: Called Strike
0-1: Foul Ball, location: 23F
0-2: Ball
1-2: Hit by Pitch
Alex Bregman to second
Pitching: RHP Tim Cates
Batting: LHB Darge Kawawe 0-0: Ball
1-0: Swinging Strike
1-1: Grounds into double play, 6-4-3 (Groundball, 6S, EV 80.0 MPH)
Bottom of the 6th over - 3 runs, 3 hits, 0 errors, 1 left on base; Atlanta 1 - Houston 6
TOP OF THE 7TH
Atlanta Braves batting - Pitching for Houston Astros : RHP Kyle Cody
Batting: LHB Masutaro Ohayashi 0-0: Ball
1-0: Foul Ball, location: 3F
1-1: Foul Ball, location: 3F
1-2: Ball
2-2: Ball
3-2: Foul Ball, location: 7LDF
3-2: Foul Ball, location: 2F
3-2: Strikes out looking
Batting: SHB Dylan Carlson 0-0: Swinging Strike
0-1: Called Strike
0-2: Strikes out swinging
Batting: LHB Doug Smith 0-0: Swinging Strike
0-1: Ball
1-1: SINGLE (Line Drive, 78S, EV 93.1 MPH)
Pitching: RHP Josh Norbe
Batting: RHB Nick Madrigal 0-0: Ball
1-0: Called Strike
1-1: Ground out 5-3 (Groundball, 56, EV 98.1 MPH)
Top of the 7th over - 0 runs, 1 hit, 0 errors, 1 left on base; Atlanta 1 - Houston 6
BOTTOM OF THE 7TH
Houston Astros batting - Pitching for Atlanta Braves : RHP Tim Cates
Batting: RHB Justin Ellis 0-0: Called Strike
0-1: Ball
1-1: Ball
2-1: Foul Ball, location: 2F
2-2: Ground out 6-3 (Groundball, 56, EV 90.0 MPH)
Batting: RHB Julián Silva 0-0: Ball
1-0: Foul Ball, location: 2F
1-1: Called Strike
1-2: Ball
2-2: Ball
3-2: Strikes out swinging
Batting: SHB José González 0-0: Ball
1-0: Ball
2-0: Ball
3-0: Foul Ball, location: 3FF
3-1: Called Strike
3-2: Foul Ball, location: 2RF
3-2: Foul Ball, location: 9LMF
3-2: Foul Ball, location: 7LDF
3-2: Strikes out swinging
Bottom of the 7th over - 0 runs, 0 hits, 0 errors, 0 left on base; Atlanta 1 - Houston 6
TOP OF THE 8TH
Atlanta Braves batting - Pitching for Houston Astros : RHP Josh Norbe
Batting: SHB Arturo Velázquez 0-0: Foul Ball, location: 7LSF
0-1: Swinging Strike
0-2: Ball
1-2: Foul Ball, location: 7LDF
1-2: Ball
2-2: Foul Ball, location: 3F
2-2: Ball
3-2: Foul Ball, location: 7LSF
3-2: SINGLE (Groundball, 56S, EV 75.6 MPH) (infield hit)
Batting: RHB Jaime Vega 0-0: Foul Ball, location: 2RF
0-1: Foul Ball, location: 3FF
0-2: Ball
1-2: Foul Ball, location: 9LMF
1-2: Ball
2-2: SINGLE (Groundball, 4MD, EV 105.0 MPH)
Arturo Velázquez to second
Runner from 2nd tries for 3rd, SAFE, throw by CF made to third
Pitching: RHP Raisel Iglesias
Batting: RHB Steven Stricker 0-0: Foul Ball, location: 9LDF
0-1: Fielders Choice at 2nd, 2-4 (Groundball, 15S, EV 68.1 MPH)
Batting: RHB Jake Fromm 0-0: Ball
1-0: Called Strike
1-1: Foul Ball, location: 7LSF
1-2: Foul Ball, location: 5FF
1-2: Strikes out swinging
Batting: SHB Millard Thomas 0-0: Ball
1-0: Ball
2-0: Ball
3-0: Called Strike
3-1: Base on Balls
Steven Stricker to second
Batting: LHB Masutaro Ohayashi 0-0: Called Strike
0-1: Ball
1-1: Swinging Strike
1-2: Ground out U3 (Groundball, 3, EV 87.5 MPH)
Top of the 8th over - 0 runs, 2 hits, 0 errors, 3 left on base; Atlanta 1 - Houston 6
BOTTOM OF THE 8TH
Houston Astros batting - Pitching for Atlanta Braves : RHP Tim Cates
Batting: RHB Fernando Tatis Jr. 0-0: Called Strike
0-1: Ball
1-1: Ball
2-1: Swinging Strike
2-2: Strikes out swinging
Batting: SHB Aaron White 0-0: Ball
1-0: Ground out 4-3 (Groundball, 34, EV 81.9 MPH)
Batting: RHB Alex Bregman 0-0: Fly out, F9 (Flyball, 9LS, EV 89.4 MPH)
Bottom of the 8th over - 0 runs, 0 hits, 0 errors, 0 left on base; Atlanta 1 - Houston 6
TOP OF THE 9TH
Atlanta Braves batting - Pitching for Houston Astros : RHP Raisel Iglesias
Batting: SHB Dylan Carlson 0-0: Ball
1-0: Called Strike
1-1: Foul Ball, location: 9LDF
1-2: Fly out, F9 (Line Drive, 9LM, EV 101.9 MPH)
Batting: LHB Doug Smith 0-0: Ball
1-0: Swinging Strike
1-1: Called Strike
1-2: Foul Ball, location: 25FF
1-2: Foul Ball, location: 2F
1-2: Foul Ball, location: 3F
1-2: Ball
2-2: Foul Ball, location: 2F
2-2: Ball
3-2: Strikes out swinging
Pitching: RHP Roberto Osuna
Batting: RHB Nick Madrigal 0-0: Ball
1-0: Ball
2-0: Ball
3-0: Called Strike
3-1: Foul Ball, location: 9LMF
3-2: Ground out 3-1 (Groundball, 34S, EV 67.5 MPH)
Top of the 9th over - 0 runs, 0 hits, 0 errors, 0 left on base; Atlanta 1 - Houston 6
Tuesday, April 23rd , 2024 - OOTP Baseball 24.11 Build 85